 Dungeon Crawl Stone Soup version 0.31-a0-321-g19405a7a6a (webtiles) character file.

Game seed: 1962474581491818721

47 bmack86 the Chopper (level 3, -1/31 HPs)
             Began as a Minotaur Fighter on July 18, 2023.
             Slain by a gnoll
             ... wielding a +0 halberd
              (4 damage)
             ... on level 3 of the Dungeon.
             The game lasted 00:02:43 (1071 turns).

bmack86 the Chopper (Minotaur Fighter)              Turns: 1071, Time: 00:02:44

Health: -1/31      AC:  9    Str: 22    XL:     3   Next: 48%
Magic:  2/2        EV:  9    Int:  5    God:
Gold:   107        SH:  4    Dex:  9    Spells: 2/2 levels left

rFire   . . .        a - +0 war axe
rCold   . . .        c - +0 buckler
rNeg    . . .        b - +0 scale mail
rPois   .            (helmet restricted)
rElec   .            (no cloak)
rCorr   +            i - +1 pair of gloves
SInv    .            (no boots)
Will    .....        o - amulet of the acrobat Stlth
                     p - ring of resist corrosion
HPRegen 0.25/turn    (no ring)
MPRegen 0.08/turn

%: acrobat
@: no status effects
A: horns 2, retaliatory headbutt
a: no special abilities


You were on level 3 of the Dungeon.
You visited 1 branch of the dungeon, and saw 3 of its levels.

You collected 107 gold pieces.

Inventory:

Hand Weapons
 a - a +0 war axe (weapon)
Armour
 b - a +0 scale mail (worn)
 c - a +0 buckler (worn)
 i - a +1 pair of gloves (worn)
Jewellery
 o - an amulet of the acrobat (around neck)
 p - a ring of resist corrosion (left hand)
Wands
 q - a wand of mindburst (13)
Scrolls
 e - 3 scrolls of enchant weapon {unknown}
 f - a scroll of amnesia {unknown}
 h - a scroll of identify {unknown}
 j - a scroll of fear {unknown}
 k - a scroll of noise {unknown}
 l - a scroll of enchant armour {unknown}
 r - a scroll of immolation {unknown}
Potions
 d - a potion of might
 g - a potion of invisibility {unknown}
 m - a potion of heal wounds {unknown}
 n - a potion of enlightenment {unknown}
 s - a potion of curing {unknown}


   Skills:
 - Level 3.6 Fighting
 + Level 4.8 Axes
 - Level 3.6 Armour
 - Level 3.6 Shields


You had 2 spell levels left.
You didn't know any spells.
Your spell library contained the following spells:

 Spells                   Type           Power      Damage    Failure   Level
 Freeze                   Ice            0%         1d3       86%         1
 Frozen Ramparts          Ice            0%         1d1       99%         3
 Hailstorm                Conj/Ice       0%         3d3       99%         3


Dungeon Overview and Level Annotations

Branches:
Dungeon (3/15)

Altars:


Innate Abilities, Weirdness & Mutations

You have a pair of horns on your head.
You reflexively headbutt those who attack you in melee.


Message History

Found a hand axe.
Done exploring.
Done exploring.
You see here a +0 hand axe.
You see here 6 stones.
There is a stone staircase leading down here.
You climb downwards.
Found an amethyst potion, 8 gold pieces and a pair of gloves.
There is a stone staircase leading up here.
s - an amethyst potion A gnoll comes into view.
It is wielding a +0 flail.
A gnoll comes into view. It is wielding a +0 heavy flail.
The gnoll shouts!
You hear a shout!
You see here 8 gold pieces.
A gnoll comes into view. It is wielding a +0 halberd.
A frilled lizard comes into view.
You see here a +0 pair of gloves.
The frilled lizard hisses angrily.
A ball python comes into view.
The gnoll completely misses you. The gnoll misses you.
A gnoll comes into view. It is wielding a +0 club.
You barely miss the gnoll.
The gnoll shouts!
The ball python hisses angrily.
Your headbutt misses the gnoll. You closely miss the gnoll.
The gnoll hits you but does no damage.
You completely miss the gnoll. You barely miss the gnoll.
The gnoll hits you with a +0 heavy flail.
The gnoll hits you from afar with a +0 halberd!
The gnoll closely misses you. You furiously retaliate!
You headbutt the gnoll. You slash the gnoll!
You kill the gnoll!
You slash the gnoll! The gnoll barely misses you.
The gnoll hits you but does no damage. x2
You slash the frilled lizard!
You kill the frilled lizard!
You closely miss the gnoll.
The gnoll hits you with a +0 heavy flail!
* * * LOW HITPOINT WARNING * * *
The gnoll hits you from afar with a +0 halberd.
You die...

###### #. ##....#
#..#####.....# .
......#......## ..
#............## .#
#...<....#####..#.
#.................
#................#
#..#.....$.[@Sg...#
#....^....#..gg..##
#.##................
#. ####.######..####
#. #.# .## # ..# .#
#### #


You could see 3 gnolls and a ball python.

Vanquished Creatures
  A gnoll (D:3)
  An adder (D:2)
  A worm (D:2)
  A dart slug (D:2)
  2 ball pythons (D:1)
  An endoplasm (D:1)
  A giant cockroach (D:1)
  2 goblins (D:2)
  A hobgoblin (D:2)
  2 jackals (D:2)
  A quokka (D:2)
  3 bats (D:1)
  A frilled lizard (D:3)
  2 kobolds
  5 rats
25 creatures vanquished.

Notes
Turn   | Place    | Note
-------+----------+-------------------------------------------
     0 | D:1      | bmack86 the Minotaur Fighter began the quest for the Orb.
     0 | D:1      | Reached XP level 1. HP: 19/19 MP: 0/0
   123 | D:1      | Reached skill level 3 in Axes
   235 | D:1      | Reached XP level 2. HP: 26/26 MP: 1/1
   553 | D:2      | Reached skill level 4 in Axes
   623 | D:2      | Reached XP level 3. HP: 28/31 MP: 2/2
  1071 | D:3      | Slain by a gnoll

Illustrated notes

Levels and vault maps discovered:
D:1:      erik_arrival_orb_chamber, layout_rooms, minmay_pentomino_s2
D:2:      layout_basic
D:3:      layout_rooms, serial_shops, shop, gammafunk_ghost_nasty_kobolds,
          amcnicky_mini_corridor_feature

Skill      XL: |  1  2 |
---------------+-------+-----
Axes           | 3 4 |  4.8
Fighting       | |  3.6
Armour         | |  3.6
Shields        | |  3.6

Action                     || total
---------------------------++-------
  Melee: War axe           ||    42
         Headbutt          ||     6
 Armour: Scale mail        ||    18
  Dodge: Dodged            ||    21
  Block: Buckler           ||    11

Table legend: (Time is in decaauts)
 A = Elapsed time spent in this place.
 B = Non-inter-level travel time spent in this place.
 C = Inter-level travel time spent in this place.
 D = Time resting spent in this place.
 E = Time spent auto-exploring this place.
 F = Levels seen in this place.
 G = Mean time per level.
                   A        B        C        D        E       F      G
               +--------+--------+--------+--------+--------+-----+--------+
         Total |   1083 |   1072 |     11 |      0 |    728 |   3 |  361.0 |
       Dungeon |   1083 |   1072 |     11 |      0 |    728 |   3 |  361.0 |
               +--------+--------+--------+--------+--------+-----+--------+

Top non-repeatable levels by time:
     D:2: 624 daAuts
     D:1: 438 daAuts
     D:3: 20 daAuts
